 Dungeon Crawl Stone Soup version 0.32-a0-42-ga30500b4d3 (webtiles) character file.

Game seed: 4554299892159099852

8 Atlas the Digger (level 2, 0/19 HPs)
             Began as a Demonspawn Earth Elementalist on Jan 31, 2024.
             Slain by a gnoll
             ... wielding a +0 club
             ... led by a gnoll bouda
              (1 damage)
             ... on level 1 of the Dungeon.
             The game lasted 00:00:51 (457 turns).

Atlas the Digger (Demonspawn Earth Elementalist)     Turns: 457, Time: 00:00:52

Health: 0/19       AC:  5    Str:  8    XL:     2   Next: 0%
Magic:  0/5        EV: 11    Int: 15    God:
Gold:   14         SH:  0    Dex: 13    Spells: 4/5 levels left

rFire   . . .        (no weapon)
rCold   . . .        (no shield)
rNeg    . . .        e - +0 leather armour
rPois   .            d - +0 helmet
rElec   .            k - +0 cloak
rCorr   .            (no gloves)
SInv    .            (no boots)
Will    .....        (no amulet)
Stlth   ++           (no ring)
HPRegen 0.23/turn    (no ring)
MPRegen 0.09/turn

%: no passive effects
@: very slightly contaminated
A: spiny 1
a: no special abilities


You were on level 1 of the Dungeon.
You visited 1 branch of the dungeon, and saw 2 of its levels.

You collected 14 gold pieces.

Inventory:

Armour
 d - a +0 helmet (worn)
 e - a +0 leather armour (worn)
 k - a +0 cloak (worn)
Scrolls
 a - a scroll of teleportation {unknown}
 c - a scroll of silence {unknown}
 f - a scroll of blinking {unknown}
 l - a scroll of acquirement {unknown}
Potions
 b - a potion of magic
 g - a potion of cancellation {unknown}
 h - a potion of curing {unknown}
 i - a potion of brilliance {unknown}
 j - a potion of degeneration {unknown}


   Skills:
 + Level 1.8 Dodging
 + Level 1.7 Stealth
 + Level 2.2 Spellcasting
 + Level 1.0 Conjurations
 + Level 3.0 Earth Magic


You had 4 spell levels left.
You knew the following spells:

 Your Spells              Type           Power      Damage    Failure   Level
a - Sandblast             Erth           20%        2d7       9%          1

Your spell library contained the following spells:

 Spells                   Type           Power      Damage    Failure   Level
 Passwall                 Erth           10%        N/A       26%         3
 Stone Arrow              Conj/Erth      14%        3d7       38%         3
 Brom's Barrelling Bould  Conj/Erth      7%         2d3       80%         4
 Petrify                  Alch/Erth      6%         N/A       86%         4


Dungeon Overview and Level Annotations

Branches:
Dungeon (2/15)

Altars:


Innate Abilities, Weirdness & Mutations

You are partially covered in sharp spines.


Message History

You are too injured to fight recklessly!
Unknown command.
Casting: Sandblast (safe; 9% risk of failure)
Confirm with . or Enter, or press ? or * to list all spells.
Aiming: Sandblast (safe; 9% risk of failure)
Press: ? - help, Shift-Dir - straight line, f/p - gnoll
Aim: a gnoll, wielding a +0 flail (lightly wounded, covering ground quickly, 84% to hit)
The blast of sand misses the gnoll.
The gnoll misses you. The gnoll is struck by your spines.
The gnoll closely misses you.
Unknown command.
Casting: Sandblast (safe; 9% risk of failure)
Confirm with . or Enter, or press ? or * to list all spells.
Aiming: Sandblast (safe; 9% risk of failure)
Press: ? - help, Shift-Dir - straight line, f/p - gnoll
Aim: a gnoll, wielding a +0 flail (lightly wounded, covering ground quickly, 84% to hit)
The blast of sand hits the gnoll.
The gnoll is heavily wounded.
The gnoll is struck by your spines. The gnoll closely misses you.
The gnoll barely misses you. The gnoll hits you with a +0 flail.
* * * LOW HITPOINT WARNING * * *
The gnoll barely misses you.
Casting: Sandblast (safe; 9% risk of failure)
Confirm with . or Enter, or press ? or * to list all spells.
Aiming: Sandblast (safe; 9% risk of failure)
Press: ? - help, Shift-Dir - straight line, f/p - gnoll
Aim: a gnoll, wielding a +0 flail (severely wounded, covering ground quickly, 84% to hit)
The blast of sand misses the gnoll.
The gnoll is struck by your spines. The gnoll hits you but does no damage.
The gnoll is struck by your spines. The gnoll hits you with a +0 club.
* * * LOW HITPOINT WARNING * * *
Casting: Sandblast (safe; 9% risk of failure)
Confirm with . or Enter, or press ? or * to list all spells.
Aiming: Sandblast (safe; 9% risk of failure)
Press: ? - help, Shift-Dir - straight line, f/p - gnoll
Aim: a gnoll, wielding a +0 flail (severely wounded, covering ground quickly, 84% to hit)
The blast of sand hits the gnoll!
You kill the gnoll!
The gnoll misses you. The gnoll is struck by your spines.
The gnoll hits you with a +0 club.
You die...

################........
#.......................
#####.......######....#.
#.......########....
#.......#...†.......
#...................
#...................
#...................
#..@g...............
#.†.)...............
#...................
#...................
###..#..#...........
#..................
#............######
#..................
######.........#........


You could see a gnoll (swift).

Vanquished Creatures
  A gnoll (D:1)
  A dart slug (D:1)
  An endoplasm (D:1)
  A giant cockroach (D:1)
  A kobold (D:1)
  A ball python (D:1)
  A rat (D:1)
7 creatures vanquished.

Notes
Turn   | Place    | Note
-------+----------+-------------------------------------------
     0 | D:1      | Atlas the Demonspawn Earth Elementalist began the quest for
                  | the Orb.
     0 | D:1      | Reached XP level 1. HP: 13/13 MP: 3/3
   117 | D:1      | Reached skill level 3 in Earth Magic
   395 | D:2      | Noticed a gnoll bouda
   403 | D:1      | Gained mutation: You are partially covered in sharp spines.
                  | [demonic ancestry]
   403 | D:1      | Reached XP level 2. HP: 14/19 MP: 0/5
   457 | D:1      | Slain by a gnoll

Illustrated notes

Levels and vault maps discovered:
D:1:      kennysheep_arrival_forest, layout_rooms
D:2:      layout_basic, interstate_on_off

Skill      XL: |  1 |
---------------+----+-----
Earth Magic    | 3 |  3.0
Dodging        | |  1.8
Stealth        | |  1.7
Spellcasting   | |  2.2
Conjurations   | |  1.0

Action                     || total
---------------------------++-------
  Melee: Unarmed           ||     7
   Cast: Sandblast         ||    14
 Armour: Leather armour    ||    11
         Robe              ||     2
  Dodge: Dodged            ||    16

Table legend: (Time is in decaauts)
 A = Elapsed time spent in this place.
 B = Non-inter-level travel time spent in this place.
 C = Inter-level travel time spent in this place.
 D = Time resting spent in this place.
 E = Time spent auto-exploring this place.
 F = Levels seen in this place.
 G = Mean time per level.
                   A        B        C        D        E       F      G
               +--------+--------+--------+--------+--------+-----+--------+
         Total |    464 |    452 |     12 |      0 |    343 |   2 |  232.0 |
       Dungeon |    464 |    452 |     12 |      0 |    343 |   2 |  232.0 |
               +--------+--------+--------+--------+--------+-----+--------+

Top non-repeatable levels by time:
     D:1: 456 daAuts
     D:2: 8 daAuts
